NCAA
DUKE BLUE DEVILS @ NORTH CAROLINA STATE WOLFPACK
05/23/2030
 
TOP OF THE 1ST
Duke Blue Devils batting - Pitching for North Carolina State Wolfpack : RHP Lonnie Dodson
Pitching: RHP Lonnie Dodson
Batting: RHB Curt Eastham 0-0: SINGLE (Groundball, 4D)
Batting: RHB Nick Anderson 0-0: Ball
1-0: Ball
2-0: Called Strike
2-1: Foul Ball, location: 2F
2-2: Fly out, F4 (Popup, 34)
Batting: RHB Deron McClendon 0-0: Called Strike
0-1: Ball
1-1: Ball
2-1: Foul Ball, location: 2F
2-2: Strikes out swinging
Batting: SHB Álex Vega 0-0: Ball
1-0: Ball
2-0: Ball
3-0: Base on Balls
Curt Eastham to second
Batting: RHB Clint Durham 0-0: Ball
1-0: Called Strike
1-1: Ball
2-1: Foul Ball, location: 2F
2-2: Ground out 1-3 (Groundball, 15)
Top of the 1st over - 0 runs, 1 hit, 0 errors, 2 left on base; Duke 0 - North Carolina State 0
BOTTOM OF THE 1ST
North Carolina State Wolfpack batting - Pitching for Duke Blue Devils : RHP Tommy Rodríguez
Pitching: RHP Tommy Rodríguez
Batting: LHB Steven Gregory 0-0: Ball
1-0: Fly out, F6 (Popup, 6M)
Batting: LHB Nick Henderson 0-0: Foul Ball, location: 2F
0-1: Ball
1-1: Swinging Strike
1-2: Strikes out swinging
Batting: LHB Ramón Quintanilla 0-0: Ball
1-0: Ball
2-0: Ground out 4-3 (Groundball, 4)
Bottom of the 1st over - 0 runs, 0 hits, 0 errors, 0 left on base; Duke 0 - North Carolina State 0
TOP OF THE 2ND
Duke Blue Devils batting - Pitching for North Carolina State Wolfpack : RHP Lonnie Dodson
Batting: RHB Bob Ferguson 0-0: Ball
1-0: Called Strike
1-1: Fly out, F8 (Line Drive, 8LD)
Batting: RHB Marvin Bruce 0-0: Foul Ball, location: 2F
0-1: Called Strike
0-2: Ball
1-2: Ball
2-2: Strikes out swinging
Batting: RHB Jackson Walker 0-0: Ground out U3 (Groundball, 34S)
Top of the 2nd over - 0 runs, 0 hits, 0 errors, 0 left on base; Duke 0 - North Carolina State 0
BOTTOM OF THE 2ND
North Carolina State Wolfpack batting - Pitching for Duke Blue Devils : RHP Tommy Rodríguez
Batting: RHB Ronald McMillan 0-0: Ball
1-0: Foul Ball, location: 2F
1-1: Foul Ball, location: 2F
1-2: Ground out 1-3 (Groundball, 15S)
Batting: LHB Ryan Cook 0-0: Called Strike
0-1: SINGLE (Flyball, 89M)
Batting: RHB Chris Seals 0-0: Ball
1-0: Called Strike
1-1: Called Strike
1-2: Grounds into double play, 6-4-3 (Groundball, 6)
Bottom of the 2nd over - 0 runs, 1 hit, 0 errors, 0 left on base; Duke 0 - North Carolina State 0
TOP OF THE 3RD
Duke Blue Devils batting - Pitching for North Carolina State Wolfpack : RHP Lonnie Dodson
Batting: RHB Tommy Reid 0-0: Ball
1-0: Reached on error, E6 (Groundball, 6)
Batting: RHB Curt Eastham 0-0: Ball
1-0: Ball
2-0: Ball
3-0: Base on Balls
Tommy Reid to second
Batting: RHB Nick Anderson 0-0: Ball
1-0: Ball
2-0: Fly out, F5 (Line Drive, 56)
Batting: RHB Deron McClendon 0-0: Foul Ball, location: 2F
0-1: Called Strike
0-2: TRIPLE (Line Drive, 8RXD)
Tommy Reid scores
Curt Eastham scores
Batting: SHB Álex Vega 0-0: Called Strike
0-1: Ball
Wild Pitch!
Deron McClendon scores
1-1: Ball
2-1: Foul Ball, location: 2F
2-2: Strikes out swinging
Batting: RHB Clint Durham 0-0: Called Strike
0-1: Called Strike
0-2: Strikes out swinging
Top of the 3rd over - 3 runs, 1 hit, 1 error, 0 left on base; Duke 3 - North Carolina State 0
BOTTOM OF THE 3RD
North Carolina State Wolfpack batting - Pitching for Duke Blue Devils : RHP Tommy Rodríguez
Batting: SHB Mark Hendree 0-0: Ball
1-0: Foul Ball, location: 2F
1-1: Foul Ball, location: 2F
1-2: Strikes out swinging
Batting: LHB Trent Harper 0-0: Ball
1-0: Ball
2-0: Foul Ball, location: 2F
2-1: Ground out 4-3 (Groundball, 4)
Batting: LHB Garrett Roberson 0-0: Ball
1-0: Ball
2-0: Called Strike
2-1: Ground out 4-3 (Groundball, 4)
Bottom of the 3rd over - 0 runs, 0 hits, 0 errors, 0 left on base; Duke 3 - North Carolina State 0
TOP OF THE 4TH
Duke Blue Devils batting - Pitching for North Carolina State Wolfpack : RHP Lonnie Dodson
Batting: RHB Bob Ferguson 0-0: Foul Ball, location: 2F
0-1: Ball
1-1: Ball
2-1: Foul Ball, location: 2F
2-2: Ball
3-2: Foul Ball, location: 2F
3-2: Foul Ball, location: 2F
3-2: Ground out 5-3 (Groundball, 5)
Batting: RHB Marvin Bruce 0-0: Swinging Strike
0-1: Ball
1-1: Called Strike
1-2: Fly out, F5 (Popup, 15S)
Batting: RHB Jackson Walker 0-0: Called Strike
0-1: Ground out U3 (Groundball, 3)
Top of the 4th over - 0 runs, 0 hits, 0 errors, 0 left on base; Duke 3 - North Carolina State 0
BOTTOM OF THE 4TH
North Carolina State Wolfpack batting - Pitching for Duke Blue Devils : RHP Tommy Rodríguez
Batting: LHB Steven Gregory 0-0: Called Strike
0-1: Swinging Strike
0-2: Ball
1-2: Ball
2-2: Ball
3-2: Foul Ball, location: 2F
3-2: Ground out 3-1 (Groundball, 34S)
Batting: LHB Nick Henderson 0-0: SINGLE (Line Drive, 4MD)
Batting: LHB Ramón Quintanilla 0-0: Called Strike
0-1: Ball
1-1: Foul Ball, location: 2F
1-2: Ball
2-2: Ball
Nick Henderson steals 2nd base
3-2: Base on Balls
Batting: RHB Ronald McMillan 0-0: Ball
1-0: Called Strike
1-1: Foul Ball, location: 2F
1-2: Ball
2-2: Foul Ball, location: 2F
2-2: Ball
3-2: Strikes out swinging
Batting: LHB Ryan Cook 0-0: Ball
1-0: Fly out, F5 (Popup, 25F)
Bottom of the 4th over - 0 runs, 1 hit, 0 errors, 2 left on base; Duke 3 - North Carolina State 0
TOP OF THE 5TH
Duke Blue Devils batting - Pitching for North Carolina State Wolfpack : RHP Lonnie Dodson
Batting: RHB Tommy Reid 0-0: Foul Ball, location: 2F
0-1: Ball
1-1: Ball
2-1: Swinging Strike
2-2: Strikes out swinging
Batting: RHB Curt Eastham 0-0: Foul Ball, location: 2F
0-1: Swinging Strike
0-2: Fly out, F8 (Flyball, 8RM)
Batting: RHB Nick Anderson 0-0: Ball
1-0: Foul Ball, location: 2F
1-1: Ball
2-1: Ball
3-1: Called Strike
3-2: Strikes out swinging
Top of the 5th over - 0 runs, 0 hits, 0 errors, 0 left on base; Duke 3 - North Carolina State 0
BOTTOM OF THE 5TH
North Carolina State Wolfpack batting - Pitching for Duke Blue Devils : RHP Tommy Rodríguez
Batting: RHB Chris Seals 0-0: Swinging Strike
0-1: Ball
1-1: Foul Ball, location: 2F
1-2: Foul Ball, location: 2F
1-2: SINGLE (Flyball, 7S)
Batting: SHB Mark Hendree 0-0: Ball
1-0: Ball
2-0: Ball
3-0: Called Strike
3-1: Foul Ball, location: 2F
3-2: Base on Balls
Chris Seals to second
Batting: LHB Trent Harper 0-0: SINGLE (Groundball, 4D)
Chris Seals to third
Mark Hendree to second
Batting: LHB Garrett Roberson 0-0: Foul Ball, location: 2F
0-1: Ball
1-1: Foul Ball, location: 2F
1-2: Hit by Pitch
Chris Seals scores
Mark Hendree to third
Trent Harper to second
Batting: LHB Steven Gregory 0-0: Called Strike
0-1: Foul Ball, location: 2F
0-2: Fielders Choice at 2nd, 3-6 (Groundball, 34)
Mark Hendree scores
Trent Harper to third
Batting: LHB Nick Henderson 0-0: Ball
1-0: Swinging Strike
1-1: SINGLE (Groundball, 3L) (infield hit)
Trent Harper scores
Steven Gregory to second
Batting: LHB Ramón Quintanilla 0-0: DOUBLE (Line Drive, 9D)
Steven Gregory scores
Nick Henderson to third
Batting: RHB Ronald McMillan 0-0: Ground out 3-1 (Groundball, 34)
Nick Henderson scores
Ramón Quintanilla to third
Batting: LHB Ryan Cook 0-0: Ground out U3 (Groundball, 3)
Bottom of the 5th over - 5 runs, 4 hits, 0 errors, 1 left on base; Duke 3 - North Carolina State 5
TOP OF THE 6TH
Duke Blue Devils batting - Pitching for North Carolina State Wolfpack : RHP Lonnie Dodson
Batting: RHB Deron McClendon 0-0: Foul Ball, location: 2F
0-1: Foul Ball, location: 2F
0-2: Ball
1-2: Ball
2-2: Fly out, F9 (Flyball, 9S)
Pitching: RHP Tim Randell
Batting: SHB Álex Vega 0-0: Ball
1-0: Swinging Strike
1-1: Fly out, F6 (Popup, 56D)
Batting: RHB Clint Durham 0-0: Ball
1-0: Ball
2-0: Called Strike
2-1: DOUBLE (Line Drive, 78XD)
Batting: RHB Bob Ferguson 0-0: Ball
1-0: Foul Ball, location: 2F
1-1: Foul Ball, location: 2F
1-2: Ball
2-2: Ball
3-2: Ground out 5-3 (Groundball, 56)
Top of the 6th over - 0 runs, 1 hit, 0 errors, 1 left on base; Duke 3 - North Carolina State 5
BOTTOM OF THE 6TH
North Carolina State Wolfpack batting - Pitching for Duke Blue Devils : RHP Tommy Rodríguez
Batting: RHB Chris Seals 0-0: SINGLE (Flyball, 7LS)
Pitching: RHP Ernest Payne
Batting: SHB Mark Hendree 0-0: Swinging Strike
0-1: Foul Ball, location: 2F
0-2: Ball
1-2: Foul Ball, location: 2F
1-2: Foul Ball, location: 2F
1-2: Ball
2-2: SINGLE (Line Drive, 9LM)
Chris Seals to second
Chris Seals to third
Batting: LHB Trent Harper 0-0: Ball
1-0: Grounds into double play, 4-6-3 (Groundball, 4M)
Chris Seals scores
Batting: LHB Garrett Roberson 0-0: Ball
1-0: Ball
2-0: Called Strike
2-1: Foul Ball, location: 2F
2-2: Ball
3-2: Foul Ball, location: 2F
3-2: DOUBLE (Line Drive, 9LD)
Batting: LHB Steven Gregory 0-0: Ball
1-0: Swinging Strike
1-1: Foul Ball, location: 2F
1-2: Ball
2-2: Foul Ball, location: 2F
2-2: Ball
3-2: Strikes out swinging
Bottom of the 6th over - 1 run, 3 hits, 0 errors, 1 left on base; Duke 3 - North Carolina State 6
TOP OF THE 7TH
Duke Blue Devils batting - Pitching for North Carolina State Wolfpack : RHP Tim Randell
Batting: RHB Marvin Bruce 0-0: Ball
1-0: Ball
2-0: Ball
3-0: Called Strike
3-1: Called Strike
3-2: Ground out 5-3 (Groundball, 56)
Batting: RHB Jackson Walker 0-0: Called Strike
0-1: Ball
1-1: Fly out, F7 (Flyball, 7LSF)
Batting: RHB Tommy Reid 0-0: Called Strike
0-1: Foul Ball, location: 2F
0-2: Strikes out swinging
Top of the 7th over - 0 runs, 0 hits, 0 errors, 0 left on base; Duke 3 - North Carolina State 6
BOTTOM OF THE 7TH
North Carolina State Wolfpack batting - Pitching for Duke Blue Devils : RHP Ernest Payne
Batting: LHB Nick Henderson 0-0: Called Strike
0-1: SINGLE (Flyball, 78M)
Pitching: LHP Bill Howard
Batting: LHB Ramón Quintanilla 0-0: Ground out U3 (Groundball, 34)
Nick Henderson to second
Batting: RHB Ronald McMillan 0-0: Intentional Walk
Batting: LHB Ryan Cook 0-0: Called Strike
0-1: Ball
1-1: Foul Ball, location: 2F
1-2: Ball
2-2: Ball
3-2: Grounds into double play, 5-4-3 (Groundball, 56)
Bottom of the 7th over - 0 runs, 1 hit, 0 errors, 1 left on base; Duke 3 - North Carolina State 6
TOP OF THE 8TH
Duke Blue Devils batting - Pitching for North Carolina State Wolfpack : RHP Tim Randell
Batting: RHB Curt Eastham 0-0: Swinging Strike
0-1: Ball
1-1: Ball
2-1: Ball
3-1: DOUBLE (Flyball, 8RD)
Batting: RHB Nick Anderson 0-0: Called Strike
0-1: Ball
1-1: SINGLE (Groundball, 56S) (infield hit)
Curt Eastham to third
Batting: RHB Deron McClendon 0-0: Ball
1-0: Ball
2-0: Ball
3-0: Base on Balls
Nick Anderson to second
Pitching: LHP Brian Armstrong
Batting: SHB Álex Vega 0-0: Ball
1-0: Ball
2-0: Grounds into double play, 4-6-3 (Groundball, 4M)
Curt Eastham scores
Nick Anderson to third
Batting: RHB Clint Durham 0-0: 2-RUN HOME RUN (Flyball, 7D), Distance : 351 ft
Batting: RHB Bob Ferguson 0-0: Ball
1-0: Ball
2-0: Ball
3-0: Base on Balls
Batting: RHB Marvin Bruce 0-0: Called Strike
0-1: Called Strike
0-2: Ground out 6-3 (Groundball, 6S)
Top of the 8th over - 3 runs, 3 hits, 0 errors, 1 left on base; Duke 6 - North Carolina State 6
BOTTOM OF THE 8TH
North Carolina State Wolfpack batting - Pitching for Duke Blue Devils : LHP Bill Howard
Pitching: RHP Dan Walls
Batting: RHB Chris Seals 0-0: Swinging Strike
0-1: Foul Ball, location: 2F
0-2: Ball
1-2: DOUBLE (Line Drive, 7)
Batting: SHB Mark Hendree 0-0: Intentional Walk
Batting: LHB Trent Harper 0-0: Swinging Strike
0-1: Called Strike
0-2: Ball
1-2: Strikes out looking
Pinch Hitting: RHB Joe Davis 0-0: Swinging Strike
0-1: Foul Ball, location: 2F
0-2: Ball
1-2: Foul Ball, location: 2F
1-2: Foul Ball, location: 2F
1-2: Foul Ball, location: 2F
1-2: Ball
2-2: Foul Ball, location: 2F
2-2: Foul Ball, location: 2F
2-2: Ball
3-2: Strikes out swinging
Batting: LHB Steven Gregory 0-0: Foul Ball, location: 2F
0-1: Ground out 5-3 (Groundball, 56)
Bottom of the 8th over - 0 runs, 1 hit, 0 errors, 2 left on base; Duke 6 - North Carolina State 6
TOP OF THE 9TH
Duke Blue Devils batting - Pitching for North Carolina State Wolfpack : LHP Brian Armstrong
Pitching: RHP Terrence Johnson
Now in LF: Héctor Meléndez
Pinch Hitting: RHB Pedro Johns 0-0: Ball
1-0: Ball
2-0: Called Strike
2-1: SINGLE (Line Drive, 56D)
Batting: RHB Tommy Reid 0-0: Swinging Strike
0-1: Ball
1-1: Swinging Strike
1-2: Ball
2-2: Ball
3-2: Grounds into double play, 6-4-3 (Groundball, 6)
Batting: RHB Curt Eastham 0-0: Foul Ball, location: 2F
0-1: Ball
1-1: Ball
2-1: Ball
3-1: Foul Ball, location: 2F
3-2: Base on Balls
Batting: RHB Nick Anderson 0-0: DOUBLE (Line Drive, 7LD)
Curt Eastham to third
Batting: RHB Deron McClendon 0-0: Foul Ball, location: 2F
0-1: Ball
1-1: Fly out, F3 (Line Drive, 34)
Top of the 9th over - 0 runs, 2 hits, 0 errors, 2 left on base; Duke 6 - North Carolina State 6
BOTTOM OF THE 9TH
North Carolina State Wolfpack batting - Pitching for Duke Blue Devils : RHP Dan Walls
Pitching: RHP Bob Robinson
Now in CF: Warren Norton
Batting: LHB Nick Henderson 0-0: Ground out 4-3 (Groundball, 4)
Batting: LHB Ramón Quintanilla 0-0: Called Strike
0-1: Ball
1-1: Swinging Strike
1-2: Ball
2-2: Strikes out swinging
Batting: RHB Ronald McMillan 0-0: SINGLE (Groundball, 6) (infield hit)
Batting: LHB Ryan Cook 0-0: Ball
1-0: Foul Ball, location: 2F
1-1: Fly out, F6 (Popup, 6S)
Bottom of the 9th over - 0 runs, 1 hit, 0 errors, 1 left on base; Duke 6 - North Carolina State 6
TOP OF THE 10TH
Duke Blue Devils batting - Pitching for North Carolina State Wolfpack : RHP Terrence Johnson
Pitching: RHP Pat Schwartz
Batting: SHB Álex Vega 0-0: Swinging Strike
0-1: Foul Ball, location: 2F
0-2: DOUBLE (Flyball, 78XD)
Batting: RHB Clint Durham 0-0: Ball
1-0: Called Strike
1-1: Called Strike
1-2: Ball
2-2: Strikes out swinging
Batting: RHB Bob Ferguson 0-0: Intentional Walk
Batting: RHB Marvin Bruce 0-0: Called Strike
0-1: Ball
1-1: SINGLE (Groundball, 34S) (infield hit)
Álex Vega to third
Bob Ferguson to second
Batting: RHB Warren Norton 0-0: Foul Ball, location: 2F
0-1: Ball
Passed Ball!
Álex Vega scores
Bob Ferguson to third
Marvin Bruce to second
1-1: Ground out 6-3 (Groundball, 6S)
Batting: RHB Tommy Reid 0-0: Fly out, F7 (Line Drive, 7)
Top of the 10th over - 1 run, 2 hits, 0 errors, 2 left on base; Duke 7 - North Carolina State 6
BOTTOM OF THE 10TH
North Carolina State Wolfpack batting - Pitching for Duke Blue Devils : RHP Bob Robinson
Now at C: Fred Cox
Batting: RHB Chris Seals 0-0: Ball
1-0: Ball
2-0: Ground out 5-3 (Groundball, 56)
Batting: SHB Mark Hendree 0-0: Swinging Strike
0-1: Ball
1-1: Ball
2-1: Foul Ball, location: 2F
2-2: Foul Ball, location: 2F
2-2: Foul Ball, location: 2F
2-2: Ball
3-2: Ground out 4-3 (Groundball, 4)
Pinch Hitting: SHB Paul Campbell 0-0: Ball
1-0: Swinging Strike
1-1: Swinging Strike
1-2: Ground out U3 (Groundball, 3S)
Bottom of the 10th over - 0 runs, 0 hits, 0 errors, 0 left on base; Duke 7 - North Carolina State 6
Saturday, April 7th, 2018 - OOTP Baseball 18.8 Build 76